 BcadrenCrawl: Boulder Brew version 0.03.2.1-32-g00f802a9a0 (webtiles) character file.

Game seed: 15271565056305151334, levelgen mode: deterministic

44 esc the Shooter (level 3, 0/30 HPs) Centaur Noble. Began on Jan 21, 2021. Succumbed to a water moccasin's poison ... on level 2 of the Dungeon. The game lasted 00:02:13 (806 turns).

esc the Shooter (Centaur Noble)                      Turns: 806, Time: 00:02:14

Health: 0/30       AC: 10    Str: 12    XL:     3 ^: 33
Magic:  4/4        EV:  5    Int:  9    God:
Gold:   119        SH:  0    Dex: 13    Spells: 4/4 levels left

rFire    . . .     Vision   .   c - +0 longbow
rCold    . . .     Gourm    .   (also wielding the above weapon)
rNeg     . . .     Faith    .   a - +0 robe
rPois    .         Spirit   .   f - +0 hat
rElec    .         Reflect  .   (no cloak)
rCorr    .         Harm     .   d - +0 pair of gloves {archery}
MR       .....                  (no barding)
Stlth    +.........             (no amulet)
HPRegen  0.20/turn              e - ring of protection
MPRegen  0.14/turn              (no ring)

@: lethally poisoned (0 -> -4), very quick
A: large, hooves 3, deformed body, speed 2, tough skin 3
a: no special abilities


You were on level 2 of the Dungeon.
You were not hungry.

You visited 1 branch of the dungeon, and saw 2 of its levels.
You also visited: Market.

You collected 49 gold pieces.
You spent 930 gold pieces at shops.

Inventory:

Weapons
 c - a +0 longbow (weapon)
Armour
 a - a +0 robe (worn)
 d - a +0 pair of gloves of archery (worn)
 f - a +0 hat (worn)
Jewellery
 e - a ring of protection (left hand)
Scrolls
 j - a scroll of amnesia
Comestibles
 b - 4 rations
 i - a chunk of flesh


   Skills:
 - Level 2.4 Fighting
 + Level 2.9 Bows
 - Level 0.4 Stealth
 - Level 1.0 Spellcasting


You had 4 spell levels left.
You didn't know any spells.
Your spell library was empty.

Dungeon Overview and Level Annotations

Branches:
Dungeon (2/8)

Altars:


Innate Abilities, Weirdness & Mutations

You have hooves in place of feet.
Armour fits poorly on your strangely shaped body.
You cover ground very quickly.
You have extremely tough skin. (AC +3)


Message History

Aim: a water moccasin (heavily wounded (14/31))
You shoot an arrow.
The arrow closely misses the water moccasin (0).
* * * LOW HITPOINT WARNING * * *
You feel sick. (1)
The water moccasin bites you (3).
* * * LOW HITPOINT WARNING * * *
The jelly hits you but does no damage.
The water moccasin bites you but does no damage.
The jelly barely misses you (0).
Unknown command.
Unknown command.
Unknown command.
Unknown command.
Aiming:
c - a +0 longbow, Range: 1 (25%)
Press: ? - help, Shift-Dir - straight line, f/p - water moccasin
Aim: a water moccasin (heavily wounded (14/31))
You shoot an arrow.
The arrow misses the water moccasin (0).
You die...

## ##≈
#≈.
#≈.
#.J##
#S@#
#≈!..#
#≈..##
##.≈#
##≈.
...
...
.###


You could see a water moccasin and a jelly.

Vanquished Creatures
  A giant cockroach (D:1)
  2 cinder newts (D:1)
  A bat (D:1)
  2 hobgoblins (D:1)
  4 goblins (D:1)
  4 kobolds (D:1)
  5 rats (D:1)
19 creatures vanquished.

Vanquished Creatures (others)
  5 withered plants (D:2)
5 creatures vanquished.

Grand Total: 24 creatures vanquished

Notes
Turn   | Place    | Note
-------+----------+-------------------------------------------
     0 | Start Ma | esc the Centaur Noble began the quest for the Orb.
     0 | Start Ma | Reached XP level 1. HP: 16/16 MP: 2/2
     0 | Start Ma | Found Juweps Nyfe's Expert Tomes.
     5 | Start Ma | Found Baiguun's Auxillary Armour.
     7 | Start Ma | Bought a +0 longbow for 180 gold pieces
    13 | Start Ma | Bought a +0 pair of gloves of archery for 230 gold pieces
    19 | Start Ma | Found DracoOmega's Mashing MeleeMart.
    29 | Start Ma | Bought an uncursed ring of protection for 440 gold pieces
    40 | Start Ma | Bought a +0 hat for 80 gold pieces
    54 | D:1      | esc set off with the following items: a +0 robe, a ration,
                  | a +0 longbow, a +0 pair of gloves of archery, a ring of
                  | protection, a +0 hat
   231 | D:1      | Reached XP level 2. HP: 25/25 MP: 3/3
   395 | D:1      | Reached skill level 1 in Bows
   396 | D:1      | Reached XP level 3. HP: 30/30 MP: 4/4
   787 | D:2      | Noticed a water moccasin
   805 | D:2      | HP: 1/30 [water moccasin (3)]
   806 | D:2      | Succumbed to a water moccasin's poison

Levels and vault maps discovered:
D:1:      evilmike_arrival_rings, layout_loops_ring, first_ration,
          hangedman_decor_growths
D:2:      layout_sewer, uniq_robin

Skill      XL: |  1  2 |
---------------+-------+-----
Fighting       | 2 |  2.4
Bows           | 2 |  2.9
Stealth        | |  0.4
Spellcasting   | |  1.0

Action                   || total
-------------------------++-------
 Fire: Longbow           ||    51
  Use: Potion            ||     4
Armor: Robe              ||    24
Dodge: Dodged            ||     4
